 Dungeon Crawl Stone Soup version 0.18.1-5-g4a78601 (webtiles) character file.

29 Guinours the Ruffian (level 3, 0/28 HPs)
             Began as a Draconian Transmuter on May 10, 2016.
             Succumbed to an adder's poison
             ... on level 2 of the Dungeon.
             The game lasted 00:11:30 (1348 turns).

Guinours the Ruffian (Draconian Transmuter)         Turns: 1348, Time: 00:11:31

Health: 0/28       AC:  5    Str: 11 (12) XL:     3   Next: 1%
Magic:  2/6        EV: 12    Int: 13 (14) God:
Gold:   53         SH:  0    Dex: 10 (11) Spells: 1 memorised, 5 levels left

rFire  . . .     SeeInvis .     r - +0 hunting sling (freeze)
rCold  . . .     Gourm    .     (armour unavailable)
rNeg   . . .     Faith    .     (no shield)
rPois  .         Spirit   +     (helmet restricted)
rElec  .         Dismiss  .     (no cloak)
rCorr  .         Reflect  .     (no gloves)
SustAt .         Harm     .     (no boots)
MR     +....                    p - amulet of guardian spirit
Stlth  +.........               (no ring)
                                j - ring of protection from magic

@: lethally poisoned (0 -> -6), somewhat resistant to hostile enchantments, very
unstealthy
A: unfitting armour, cold-blooded, AC +5
a: no special abilities


You were on level 2 of the Dungeon.
You were not hungry.

You visited 1 branch of the dungeon, and saw 2 of its levels.

You collected 53 gold pieces.

Inventory:

Hand Weapons
 r - a +0 hunting sling of freezing (weapon)
Missiles
 a - 55 arrows
 e - 124 stones (quivered)
Jewellery
 j - a ring of protection from magic (left hand)
 p - an amulet of guardian spirit (around neck)
Scrolls
 d - a scroll of immolation {unknown}
 l - a scroll of amnesia {unknown}
 q - a scroll of identify {unknown}
Potions
 f - a potion of degeneration
 h - a potion of agility {unknown}
 m - a potion of might {unknown}
Books
 b - a book of Changes

   Spells                             Type                      Level
   a - Beastly Appendage              Transmutation                1
   b - Sticks to Snakes               Transmutation                2
   c - Spider Form                    Transmutation/Poison         3
   d - Ice Form                       Ice/Transmutation            4
   e - Blade Hands                    Transmutation                5
Comestibles
 c - a bread ration
 i - a beef jerky


   Skills:
 + Level 1.3 Fighting
 + Level 2.0 Dodging
 + Level 3.4 Unarmed Combat
 + Level 2.3 Spellcasting
 + Level 2.2 Transmutations


You had 5 spell levels left.
You knew the following spells:

 Your Spells              Type           Power        Failure   Level  Hunger
a - Beastly Appendage     Trmt           #.....       12%         1    #......


Dungeon Overview and Level Annotations

Branches:
Dungeon (2/15)

Altars:


Innate Abilities, Weirdness & Mutations

Your plain brown scales are hard (AC +5).
Your body does not fit into most forms of armour.
You are cold-blooded and may be slowed by cold attacks.


Message History

You clumsily bash the adder but do no damage.
The adder is heavily wounded.
* * * LOW HITPOINT WARNING * * *
You feel sick. The adder misses you. The adder barely misses you.
You clumsily bash the adder but do no damage.
The adder is heavily wounded.
* * * LOW HITPOINT WARNING * * *
You feel sick. The adder bites you but does no damage.
The adder closely misses you.
It was a potion of degeneration.
There was something very wrong with that liquid.
You feel weakened.
You feel dopey.
You feel clumsy. The adder closely misses you.
You closely miss the adder.
The adder is moderately wounded.
* * * LOW HITPOINT WARNING * * *
You feel sick. The adder barely misses you. The adder closely misses you.
You barely miss the adder.
The adder is moderately wounded.
You die...

##.# #..............
.#.####.............
..†.................
...............####
..........)##..##
......>.........#
..............#.##
##...##.......#..#
###..##...###.##@#
........... ..##S#
....####. ####..
.##.# # #... .##.###
#.... ......# ......
###.#.# #...... ..#
#....(.# ...


You could see an adder.

Vanquished Creatures
  2 dart slugs (D:1)
  3 giant cockroaches (D:1)
  4 goblins
  3 hobgoblins (D:1)
  A bat (D:1)
  4 giant newts
  5 kobolds (D:1)
  5 rats
27 creatures vanquished.

Notes
Turn   | Place    | Note
--------------------------------------------------------------
     0 | D:1      | Guinours the Draconian Transmuter began the quest for the Orb.
     0 | D:1      | Reached XP level 1. HP: 16/16 MP: 3/3
   418 | D:1      | Reached XP level 2. HP: 19/23 MP: 3/5
  1263 | D:2      | Reached XP level 3. HP: 20/28 MP: 1/6
  1347 | D:2      | HP: 1/28 [poisoned by an adder]
  1348 | D:2      | Succumbed to an adder's poison

Skill      XL: |  1  2 |
---------------+-------+-----
Dodging        | 2 |  2.0
Fighting       | |  1.3
Unarmed Combat | |  3.4
Spellcasting   | |  2.3
Transmutations | |  2.2

Action                   || total
-------------------------++-------
Melee: Unarmed           ||    87
       Kick              ||    15
       Tailslap          ||     6
       Headbutt          ||     3
       Hunting sling     ||    19
 Fire: Hunting sling     ||     2
 Cast: Beastly Appendage ||    21
  Use: Potion            ||     1
  Eat: Bread ration      ||     1
Armor: Skin              ||    22
Dodge: Dodged            ||    69
